 Dungeon Crawl Stone Soup version 0.24.0-37-gcf1ca852f1 (webtiles) character file.

Game seed: 7309081623223961485, levelgen mode: deterministic

10 Devinter the Chiller (level 2, -7/20 HPs)
             Began as a Demigod Ice Elementalist on Dec 7, 2019.
             Mangled by a gnoll
             ... wielding a cursed -1 club
              (9 damage)
             ... on level 1 of the Dungeon.
             The game lasted 00:04:55 (492 turns).

Devinter the Chiller (Demigod Ice Elementalist)      Turns: 492, Time: 00:04:55

Health: -7/20      AC:  2    Str: 11    XL:     2   Next: 0%
Magic:  0/7        EV: 13    Int: 19    God:
Gold:   11         SH:  0    Dex: 16    Spells: 4/5 levels left

rFire    . . .     SeeInvis .   b - +0 dagger
rCold    . . .     Gourm    .   (no shield)
rNeg     . . .     Faith    .   a - +0 robe
rPois    .         Spirit   .   (no helmet)
rElec    .         Reflect  .   (no cloak)
rCorr    .         Harm     .   (no gloves)
MR       .....                  (no boots)
Stlth    ++........             (no amulet)
HPRegen  0.06/turn              (no ring)
MPRegen  0.10/turn              (no ring)

@: very slightly contaminated
A: high mp 1
a: no special abilities


You were on level 1 of the Dungeon.
You were not hungry.

You visited 1 branch of the dungeon, and saw 1 of its levels.

You collected 11 gold pieces.

Inventory:

Hand Weapons
 b - a +0 dagger (weapon)
Missiles
 d - 11 stones (quivered)
Armour
 a - a +0 robe (worn)
 e - a +0 robe
Potions
 f - a potion of degeneration {unknown}
Comestibles
 c - a ration


   Skills:
 - Level 2.0 Dodging
 - Level 2.0 Stealth
 - Level 2.0 Spellcasting
   Level 0.8 Conjurations
 + Level 2.9 Ice Magic


You had 4 spell levels left.
You knew the following spells:

 Your Spells              Type           Power        Failure   Level  Hunger
a - Freeze                Ice            ##..         4%          1    #......

Your spell library contained the following spells:

 Spells                   Type           Power        Failure   Level  Hunger
 Throw Frost              Conj/Ice       #.....       12%         2    ###....
 Ozocubu's Armour         Chrm/Ice       #.......     28%         3    ###....
 Throw Icicle             Conj/Ice       #.......     61%         4    #####..
 Summon Ice Beast         Ice/Summ       #.......     67%         4    #####..


Dungeon Overview and Level Annotations

Branches:
Dungeon (1/15)


Innate Abilities, Weirdness & Mutations

You have an increased reservoir of magic. (+10% MP)


Message History

Casting: Freeze (safe; 4% risk of failure)
Confirm with . or Enter, or press ? or * to list all spells.
Aiming: Freeze (safe; 4% risk of failure)
Press: ? - help, Shift-Dir - straight line, f/p - gnoll
Aim: a gnoll, wielding a -1 club (almost dead)
You miscast Freeze.
You are very lightly contaminated with residual magic.
A chill runs through your body.
* * * LOW MAGIC WARNING * * *
The gnoll closely misses you.
Casting: Freeze (safe; 4% risk of failure)
Confirm with . or Enter, or press ? or * to list all spells.
Aiming: Freeze (safe; 4% risk of failure)
Press: ? - help, Shift-Dir - straight line, f/p - gnoll
Aim: a gnoll, wielding a -1 club (almost dead)
You freeze the gnoll.
The gnoll is almost dead.
* * * LOW MAGIC WARNING * * *
The gnoll hits you with a cursed -1 club!
You die...

####.#.##### #...........
#######รท##.#.#####
##.......##.#.##
##...#######....##
##.....## #.....
#.......# #....##
#.......# #.#.## .#
#.......# #.#@# .#
##.....###### #g# .# #
##.......... #.# .#.###
##..####### #.# .#..[.#
#..# #####.#.####..#...#
#..###...#.#.##[.....#
#..#...#...#.#.#.###.#
#..#.#........##...=b#
#..#...#.###.####.#.g...#


You could see a gnoll.

Vanquished Creatures
  A dart slug (D:1)
  2 bats (D:1)
  A giant cockroach (D:1)
  A hobgoblin (D:1)
  2 frilled lizards (D:1)
  2 rats (D:1)
9 creatures vanquished.

Notes
Turn   | Place    | Note
-------+----------+-------------------------------------------
     0 | D:1      | Devinter the Demigod Ice Elementalist began the quest for
                  | the Orb.
     0 | D:1      | Reached XP level 1. HP: 14/14 MP: 5/5
    80 | D:1      | HP: 1/14 [rat (3)]
   427 | D:1      | Reached skill level 2 in Stealth
   458 | D:1      | Reached skill level 2 in Dodging
   462 | D:1      | Reached skill level 2 in Spellcasting
   483 | D:1      | HP: 1/14 [bat (1)]
   487 | D:1      | Reached XP level 2. HP: 2/20 MP: 1/7
   492 | D:1      | Mangled by a gnoll

Levels and vault maps discovered:
D:1:      minmay_arrival_loop, layout_loops_ring, minmay_misc_feat_pillars,
          minmay_tromino_i4

Skill      XL: |  1 |
---------------+----+-----
Stealth        | 2 |  2.0
Dodging        | 2 |  2.0
Spellcasting   | 2 |  2.0
Conjurations   | |  0.8
Ice Magic      | |  2.9

Action                   || total
-------------------------++-------
Melee: Dagger            ||     7
       Unarmed           ||     6
 Cast: Freeze            ||    15
Armor: Robe              ||     7
Dodge: Dodged            ||    18
